 Dungeon Crawl Stone Soup version 0.25.1-2-g60ff931df9 (webtiles) character file.

Game seed: 2316425765461509346

722 H0rd4k the Thaumaturge (level 7, -1/36 HPs)
             Began as a Deep Elf Wizard on Oct 15, 2020.
             Killed from afar by an orc wizard (6 damage)
             ... with a magic dart
             ... on level 5 of the Dungeon.
             The game lasted 00:09:11 (5912 turns).

H0rd4k the Thaumaturge (Deep Elf Wizard)            Turns: 5912, Time: 00:09:12

Health: -1/36      AC:  3    Str:  4    XL:     7   Next: 43%
Magic:  17/21      EV: 12    Int: 25    God:
Gold:   173        SH:  0    Dex: 13    Spells: 14/23 levels left

rFire    . . .     SeeInvis .   (no weapon)
rCold    . . .     Gourm    .   (no shield)
rNeg     . . .     Faith    .   c - +0 leather armour {rPois}
rPois    +         Spirit   .   b - +0 hat
rElec    .         Reflect  .   (no cloak)
rCorr    .         Harm     .   (no gloves)
MR       .....                  (no boots)
Stlth    ++++......             (no amulet)
HPRegen  0.12/turn              e - ring of stealth
MPRegen  0.17/turn              l - ring of stealth

@: slowed, very slow
A: no striking features
a: no special abilities


You were on level 5 of the Dungeon.
You were hungry.

You visited 1 branch of the dungeon, and saw 5 of its levels.

You collected 173 gold pieces.

Inventory:

Hand Weapons
 m - a cursed -1 great sword
 s - a +0 short sword of protection
Missiles
 f - 24 poisoned darts (quivered)
 t - 2 atropa-tipped darts
Armour
 a - a +0 robe
 b - a +0 hat (worn)
 c - a +0 leather armour of poison resistance (worn)
Jewellery
 e - a ring of stealth (left hand)
 l - a ring of stealth (right hand)
Wands
 h - a wand of iceblast (19)
Scrolls
 j - a scroll of amnesia {unknown}
 n - a scroll of remove curse
 o - a scroll of magic mapping {unknown}
 q - a scroll of noise {unknown}
 r - a scroll of immolation {unknown}
Potions
 i - a potion of heal wounds {unknown}
 k - a potion of brilliance {unknown}
 p - a potion of flight {unknown}
Comestibles
 d - 9 rations


   Skills:
 + Level 4.0 Dodging
 + Level 3.5 Stealth
 + Level 8.7 Spellcasting
 + Level 4.6 Conjurations
   Level 1.1 Summonings
 + Level 1.1 Translocations
 + Level 1.1 Fire Magic
 + Level 1.0 Air Magic
 + Level 1.2 Poison Magic


You had 14 spell levels left.
You knew the following spells:

 Your Spells              Type           Power        Failure   Level  Hunger
a - Magic Dart            Conj           ####         1%          1    None
b - Blink                 Tloc           N/A          10%         2    None
c - Conjure Flame         Conj/Fire      ####....     10%         3    None
d - Mephitic Cloud        Conj/Pois/Air  ###.....     12%         3    None

Your spell library contained the following spells:

 Spells                   Type           Power        Failure   Level  Hunger
 Sandblast                Erth           ##....       10%         1    None
 Call Imp                 Summ           ###.....     10%         2    None
 Stone Arrow              Conj/Erth      ###...       12%         3    None
 Passwall                 Tmut/Erth      ##......     16%         2    None
 Slow                     Hex            ##......     16%         2    None
 Petrify                  Tmut/Erth      ##......     69%         4    ##.....
 Lee's Rapid Deconstruct  Erth           ##........   95%         5    ####...


Dungeon Overview and Level Annotations

Branches:
Dungeon (5/15)
 Temple: D:4-7

Altars:
Uskayaw
Vehumet

Annotations:
D:5 Grinder


Message History

Aim: an orc wizard, wielding a +0 dagger and wearing a +0 robe (almost dead, fast)
The magic dart hits the orc wizard.
The orc wizard is almost dead.
The orc wizard misses you.
The orc wizard points at you and mumbles some strange words.
You feel yourself slow down.
The orc wizard gestures at you while chanting.
The magic dart hits you!
The orc wizard hits you with a +0 dagger.
The orc wizard casts a spell.
The orc wizard blinks!
The orc wizard points at you and mumbles some strange words.
The magic dart hits you.
* * * LOW HITPOINT WARNING * * *
The orc wizard gestures at you while chanting.
The magic dart hits you.
* * * LOW HITPOINT WARNING * * *
The orc wizard points at you and mumbles some strange words.
The magic dart hits you.
You die...

########################
........................
################.######
#@### #.o.##
##...o########.
#.o..§oo....... #######
#.#.#.#.#.#.#.# ##.....#
#.........)o ## ###....#.#
#.#.#.#...#.# .#
#....#.#.###..........#o.
.#
#.##.#.#.....#.#)....#.#..


You could see an orc priest, 2 orc wizards and 2 orcs.

Vanquished Creatures
  A sky beast (D:5)
  An ogre (D:4)
  2 centaurs (D:5)
  A scorpion (D:4)
  A centaur skeleton (D:4)
  2 hounds (D:5)
  A worker ant (D:4)
  3 worker ant zombies (D:5)
  7 adders
  A shadow imp (D:5)
  An ooze (D:1)
  3 worms
  An adder skeleton (D:3)
  3 dart slugs
  2 leopard geckos
  11 orcs
  6 bats
  9 giant cockroaches
  8 goblins
  10 hobgoblins
  6 jackals (D:4)
  9 kobolds
  4 quokkas
  A frilled lizard (D:3)
  A leopard gecko skeleton (D:4)
  11 rats
106 creatures vanquished.

Notes
Turn   | Place    | Note
-------+----------+-------------------------------------------
     0 | D:1      | H0rd4k the Deep Elf Wizard began the quest for the Orb.
     0 | D:1      | Reached XP level 1. HP: 10/10 MP: 7/7
   179 | D:1      | Reached skill level 5 in Spellcasting
   182 | D:1      | Reached XP level 2. HP: 9/15 MP: 0/10
  1315 | D:2      | Reached XP level 3. HP: 16/19 MP: 6/12
  1319 | D:2      | Learned a level 2 spell: Blink
  1323 | D:2      | Learned a level 3 spell: Conjure Flame
  1327 | D:2      | Learned a level 3 spell: Mephitic Cloud
  2028 | D:2      | Reached XP level 4. HP: 24/24 MP: 9/13
  2715 | D:3      | Reached skill level 6 in Spellcasting
  3002 | D:3      | Reached skill level 1 in Fire Magic
  3240 | D:3      | Found a hide-covered altar of Uskayaw.
  3505 | D:3      | Reached XP level 5. HP: 24/28 MP: 7/15
  4027 | D:4      | Reached skill level 1 in Poison Magic
  4051 | D:4      | Reached skill level 1 in Air Magic
  4423 | D:4      | Noticed an ogre
  4433 | D:4      | Killed an ogre
  4433 | D:4      | Reached skill level 7 in Spellcasting
  4433 | D:4      | Reached XP level 6. HP: 25/32 MP: 7/18
  5120 | D:5      | Entered Level 5 of the Dungeon
  5175 | D:5      | Noticed a sky beast
  5354 | D:5      | Noticed Grinder
  5414 | D:5      | Reached skill level 8 in Spellcasting
  5423 | D:5      | Reached XP level 7. HP: 36/36 MP: 7/20
  5843 | D:5      | Found a radiant altar of Vehumet.
  5912 | D:5      | Killed from afar by an orc wizard

Illustrated notes

Levels and vault maps discovered:
D:1:      tarquinn_simple_flora_water_f, layout_loops_ring
D:2:      layout_loops_cross, first_ration
D:3:      layout_basic, old_standard_altar
D:4:      layout_gridville
D:5:      layout_basic, minmay_temple_entry_offerings, basic_altar,
          hangedman_decor_riveting, uniq_grinder

Skill      XL: |  1  2  3  4  5  6  7 |
---------------+----------------------+-----
Spellcasting   | 5 6 7 8 |  8.7
Conjurations   | 2 3 4 |  4.6
Fire Magic     | 1 |  1.1
Poison Magic   | 1 |  1.2
Air Magic      | 1 |  1.0
Stealth        | 3 |  3.5
Dodging        | 3 4 |  4.0
Summonings     | |  1.1
Translocations | |  1.1

Action                   |  1- 3 |  4- 6 |  7- 9 || total
-------------------------+-------+-------+-------++-------
Melee: Unarmed           |       |     1 |       ||     1
 Cast: Magic Dart        |   100 |   200 |    22 ||   322
       Conjure Flame     |       |     4 |     1 ||     5
       Mephitic Cloud    |       |     1 |     2 ||     3
       Blink             |       |       |     1 ||     1
  Use: Scroll            |       |     1 |       ||     1
       Potion            |       |     2 |       ||     2
  Eat: Chunk             |     3 |    10 |     1 ||    14
Armor: Robe              |     4 |     1 |       ||     5
       Leather armour    |       |    13 |     1 ||    14
Dodge: Dodged            |    15 |    61 |     2 ||    78
